 Dungeon Crawl Stone Soup version 0.26-a0-651-gb41185065b (webtiles) character file.

Game seed: 10971217668240662990

4130 Azzok the Martial Artist (level 10, -13/65 HPs)
             Began as a Demonspawn Transmuter on Oct 18, 2020.
             Was a Believer of Cheibriados.
             Killed from afar by Erica (25 damage)
             ... with a lance of force
             ... on level 9 of the Dungeon.
             The game lasted 00:18:05 (12394 turns).

Azzok the Martial Artist (Demonspawn Transmuter)   Turns: 12394, Time: 00:18:07

Health: -13/65     AC:  2    Str: 14    XL:     10   Next: 6%
Magic:  12/14      EV: 25    Int: 34    God:    Cheibriados [**....]
Gold:   670        SH:  0    Dex: 23    Spells: 7/15 levels left

rFire    . . .     SeeInvis .     - Unarmed
rCold    . . .     Faith    .   (shield currently unavailable)
rNeg     . . .     Spirit   .   (armour currently unavailable)
rPois    x         Reflect  +   (helmet unavailable)
rElec    .         Harm     .   (cloak currently unavailable)
rCorr    .         Rampage  .   (gloves currently unavailable)
MR       .....                  (boots currently unavailable)
Stlth    +.........             y - amulet of reflection
HPRegen  0.20/turn              q - +6 ring of intelligence
MPRegen  0.14/turn              B - +6 ring of intelligence

@: confused, mighty, agile, spider-form, slowed, very slow
A: tiny, powered by pain 1
a: End Transformation, Bend Time, Renounce Religion


You were on level 9 of the Dungeon.
You worshipped Cheibriados.
Cheibriados was pleased with you.
You were a venomous arachnid creature.
You visited 2 branches of the dungeon, and saw 10 of its levels.

You collected 670 gold pieces.

Inventory:

Hand Weapons
 G - the +7 long sword of Resourcefulness {pain, MR+ Int-4 Dex+3}
   (You found it on level 8 of the Dungeon)

   In the hands of one skilled in necromantic magic, it inflicts extra damage on
   living creatures.
   It affects your intelligence (-4).
   It affects your dexterity (+3).
   It affects your resistance to hostile enchantments.
 H - the +9 great mace of Ejuhyr {vorpal, rF+ Dex+3}
   (You found it on level 9 of the Dungeon)

   It inflicts extra damage upon your enemies.
   It affects your dexterity (+3).
   It protects you from fire.
Armour
 a - a +0 robe (melded)
 w - a +0 pair of boots (melded)
 C - a +0 pair of gloves (melded)
Magical Staves
 s - an uncursed staff of cold
 F - an uncursed staff of fire
Jewellery
 q - a +6 ring of intelligence (left front leg)
 y - an amulet of reflection (around neck)
 z - an uncursed ring of protection from cold
 B - a +6 ring of intelligence (right front leg)
 E - an uncursed ring of protection from fire
Wands
 u - a wand of flame (48)
 x - a wand of disintegration (17)
 A - a wand of digging (2)
Scrolls
 b - a scroll of identify
 d - 6 scrolls of remove curse
 e - 6 scrolls of teleportation
 j - 3 scrolls of noise {unknown}
 k - a scroll of fog {unknown}
 l - a scroll of random uselessness {unknown}
 m - 2 scrolls of enchant armour {unknown}
 n - a scroll of enchant weapon {unknown}
 o - 2 scrolls of blinking {unknown}
 p - a scroll of fear {unknown}
 t - 2 scrolls of magic mapping {unknown}
Potions
 c - 2 potions of might
 f - 6 potions of heal wounds
 g - a potion of ambrosia
 h - a potion of flight
 r - 4 potions of curing
 v - a potion of haste
 D - a potion of brilliance


   Skills:
 - Level 1.0 Fighting
 - Level 1.7 Dodging
 + Level 9.7 Unarmed Combat
 + Level 3.0 Spellcasting
 + Level 9.5 Transmutations


You had 7 spell levels left.
You knew the following spells:

 Your Spells              Type           Power        Failure   Level
a - Beastly Appendage     Tmut           ######       1%          1
b - Spider Form           Tmut/Pois      #####.....   9%          3
c - Ice Form              Ice/Tmut       #####...     21%         4

Your spell library contained the following spells:

 Spells                   Type           Power        Failure   Level
 Wereblood                Tmut           ######..     1%          2
 Blade Hands              Tmut           ######....   11%         5


Dungeon Overview and Level Annotations

Branches:
Dungeon (9/15)             Temple (1/1) D:6             Orc (0/2) D:9
   Lair: D:8-11

Altars:
Cheibriados
Dithmenos
Elyvilon
Fedhas
Gozag
Kikubaaqudgha
Nemelex Xobeh
Okawaru
Qazlal
Uskayaw

Annotations:
D:8 1 runed translucent door, p0werm0de's ghost, novice MiFi
D:9 Erica


Innate Abilities, Weirdness & Mutations

((You have a pair of large horns on your head.))
((You are completely covered in icy blue scales. (AC +4, rC+)))
You sometimes gain a little power by taking damage.


Message History

You barely miss something. Something closely misses you.
You bite something! Something closely misses you.
You closely miss something.
You hear some strange, mumbled words.
You are confused.
Something closely misses you. Something hits you!
* * * LOW HITPOINT WARNING * * *
You focus on the pain.
You feel very mighty all of a sudden. Something burns you.
* * * LOW HITPOINT WARNING * * *
Something hits you.
* * * LOW HITPOINT WARNING * * *
Something burns you.
* * * LOW HITPOINT WARNING * * *
You hear some strange, mumbled words.
A lance of force appears from out of thin air!
The lance of force hits you!!
You die...

·······················
)···········▒···········
············▒▒(·········
························
···········▒▒▒········?·
························
························
··▒············†··)·····
···············{s···<···
·············(··········
▒▒·▒▒▒·▒▒▒··············
▒▒·▒ ▒·▒ ▒···▒▒▒·····▒▒·
▒▒·▒▒▒╬▒▒▒···▒ ▒······>
▒▒···'_▒▒▒···▒ ▒▒▒▒·▒▒▒·
▒▒·▒▒▒'▒▒▒··▒▒ ··· ▒·▒
▒·▒ ▒··▒ ····
▒·▒▒▒)▒▒▒··▒ ··


There were no monsters in sight!

Vanquished Creatures
  Harold (D:7)
  Grinder (D:6)
  An ice beast (D:6)
  3 orc warriors
  2 sky beasts
  2 phantoms
  3 ogres
  4 centaurs
  5 bullfrogs
  3 scorpions
  7 wights
  2 howler monkeys (D:7)
  3 electric eels (D:8)
  2 hounds
  A centaur zombie (D:6)
  A jelly (D:8)
  6 orc priests
  A bullfrog skeleton (D:9)
  A centaur skeleton (D:8)
  2 iguanas
  8 orc wizards
  Natasha (D:4)
  3 worker ants
  A hound skeleton (D:4)
  A howler monkey skeleton (D:4)
  6 adders
  A shadow imp (D:9)
  2 white imps
  An ufetubus (D:7)
  A worm (D:7)
  A dart slug (D:4)
  8 leopard geckos
  38 orcs
  2 giant cockroaches (D:1)
  6 goblins (D:1)
  9 hobgoblins
  12 jackals
  3 quokkas
  2 ball pythons
  7 bats
  4 frilled lizards
  2 jackal skeletons
  A jackal zombie (D:7)
  10 kobolds
  7 rats
188 creatures vanquished.

Notes
Turn   | Place    | Note
-------+----------+-------------------------------------------
     0 | D:1      | Azzok the Demonspawn Transmuter began the quest for the
                  | Orb.
     0 | D:1      | Reached XP level 1. HP: 15/15 MP: 3/3
   437 | D:1      | Gained mutation: You have a pair of small horns on your
                  | head. [demonic ancestry]
   437 | D:1      | Reached XP level 2. HP: 15/21 MP: 5/5
  1183 | D:1      | Gained mutation: You have a pair of horns on your head.
                  | [demonic ancestry]
  1183 | D:1      | Reached XP level 3. HP: 23/26 MP: 4/6
  2216 | D:2      | Found a stormy altar of Qazlal.
  2425 | D:2      | Gained mutation: You are partially covered in icy blue
                  | scales. (AC +2) [demonic ancestry]
  2425 | D:2      | Reached XP level 4. HP: 32/32 MP: 7/7
  2752 | D:3      | Found a white marble altar of Elyvilon.
  2909 | D:3      | Found a shadowy altar of Dithmenos.
  2909 | D:3      | Found an ancient bone altar of Kikubaaqudgha.
  3385 | D:3      | Gained mutation: You have a pair of large horns on your
                  | head. [demonic ancestry]
  3385 | D:3      | Reached XP level 5. HP: 37/37 MP: 8/8
  3683 | D:4      | Noticed an ogre
  3697 | D:4      | Learned a level 3 spell: Spider Form
  3871 | D:4      | Killed an ogre
  3871 | D:4      | Gained mutation: You are mostly covered in icy blue scales.
                  | (AC +3) [demonic ancestry]
  3871 | D:4      | Reached XP level 6. HP: 43/43 MP: 5/9
  4395 | D:4      | Noticed Natasha
  4403 | D:4      | Killed Natasha
  4499 | D:4      | Reached skill level 5 in Unarmed Combat
  4793 | D:5      | Entered Level 5 of the Dungeon
  5768 | D:5      | Reached skill level 5 in Transmutations
  6054 | D:4      | Learned a level 4 spell: Ice Form
  6187 | D:5      | Reached XP level 7. HP: 44/48 MP: 7/10
  6808 | D:6      | Found a staircase to the Ecumenical Temple.
  6897 | Temple   | Entered the Ecumenical Temple
  7232 | D:6      | Gained mutation: You are completely covered in icy blue
                  | scales. (AC +4, rC+) [demonic ancestry]
  7232 | D:6      | Reached XP level 8. HP: 26/54 MP: 8/11
  7512 | D:6      | Noticed Grinder
  7527 | D:6      | Killed Grinder
  7745 | D:6      | Found a sparkling altar of Nemelex Xobeh.
  7832 | D:6      | Found an opulent altar of Gozag.
  9118 | D:7      | Reached XP level 9. HP: 55/59 MP: 7/12
  9130 | D:6      | HP: 2/70 [wight/cursed +4 great sword (12)]
  9495 | D:7      | Noticed Harold
  9510 | D:7      | Killed Harold
 10043 | D:7      | Found a snail-covered altar of Cheibriados.
 10079 | D:7      | Became a worshipper of Cheibriados the Contemplative
 10399 | D:8      | Found a runed translucent door.
 10400 | D:8      | Noticed p0werm0de's ghost (novice MiFi)
 11421 | D:8      | Got a scorched long sword
 11422 | D:8      | Identified the +7 long sword of Resourcefulness {pain, MR+
                  | Int-4 Dex+3} (You found it on level 8 of the Dungeon)
 11714 | D:9      | Got a translucent great mace
 11715 | D:9      | Identified the +9 great mace of Ejuhyr {vorpal, rF+ Dex+3}
                  | (You found it on level 9 of the Dungeon)
 11747 | D:9      | Reached * piety under Cheibriados
 12193 | D:9      | Gained mutation: You sometimes gain a little power by
                  | taking damage. [demonic ancestry]
 12193 | D:9      | Reached XP level 10. HP: 65/65 MP: 12/14
 12194 | D:9      | Reached ** piety under Cheibriados
 12214 | D:9      | Found a staircase to the Orcish Mines.
 12332 | D:9      | Found an iron altar of Okawaru.
 12376 | D:9      | Noticed Erica
 12394 | D:9      | Killed from afar by Erica

Illustrated notes

Levels and vault maps discovered:
D:1:      sevenhm_arrival_forest_fort_small_6, layout_basic
D:2:      layout_rooms, nicolae_qazlal_general_emergency
D:3:      layout_basic, chequers_temple_overflow_statue_of_worship,
          minmay_cut_off
D:4:      layout_cave_pods, uniq_natasha
D:5:      layout_gridville
D:6:      layout_loops_cross, nemelex_xobeh_ov_fountains_minmay,
          minmay_temple_entry_mini_moons, nicolae_gozag_seed_capital,
          uniq_grinder
D:7:      layout_cave_pods, cheibrodos_worm_habitat, uniq_harold
D:8:      layout_basic, ebering_ghost_inner_flame
D:9:      layout_rooms, lemuel_doored_altar, nicolae_ru_the_path_less_chosen,
          hiddenorc2_lemuel, uniq_grum, uniq_joseph, uniq_erica
Temple:   nicolae_temple_great_sept

Skill      XL: |  1  2  3  4  5  6  7  8  9 10 |
---------------+-------------------------------+-----
Transmutations | 2 3 4 5 6 7 9 |  9.5
Unarmed Combat | 3 4 5 6 8 9 |  9.7
Spellcasting   | 3 |  3.0
Fighting       | |  1.0
Dodging        | |  1.7

Action                   |  1- 3 |  4- 6 |  7- 9 | 10-12 || total
-------------------------+-------+-------+-------+-------++-------
Melee: Unarmed           |   150 |   189 |   280 |    33 ||   652
       Headbutt          |    19 |    22 |     6 |       ||    47
       Kick              |     5 |       |       |       ||     5
       Staff             |       |    16 |       |       ||    16
       Punch             |       |     1 |       |       ||     1
 Cast: Beastly Appendage |     5 |       |       |       ||     5
       Spider Form       |       |     8 |    29 |     2 ||    39
       Ice Form          |       |     1 |     7 |     2 ||    10
Evoke: Wand              |       |       |     6 |       ||     6
  Use: Scroll            |       |       |    14 |       ||    14
 Stab: Sleeping          |       |     2 |       |       ||     2
Armor: Robe              |    15 |    10 |     8 |       ||    33
       Chain mail        |    32 |    84 |       |       ||   116
       Skin              |       |     4 |    28 |     5 ||    37
Dodge: Dodged            |    68 |    91 |   153 |    11 ||   323
Block: Other             |       |       |    46 |     4 ||    50
       Reflection        |       |       |     6 |     2 ||     8

Table legend: (Time is in decaauts)
 A = Elapsed time spent in this place.
 B = Non-inter-level travel time spent in this place.
 C = Inter-level travel time spent in this place.
 D = Time resting spent in this place.
 E = Time spent auto-exploring this place.
 F = Levels seen in this place.
 G = Mean time per level.
                   A        B        C        D        E       F      G
               +--------+--------+--------+--------+--------+-----+--------+
         Total |  12625 |  12375 |    250 |   2403 |   8038 |  10 | 1262.5 |
       Dungeon |  12301 |  12051 |    250 |   2089 |   8038 |   9 | 1366.8 |
        Temple |    323 |    323 |      0 |    314 |      0 |   1 |  323.0 |
               +--------+--------+--------+--------+--------+-----+--------+

Top non-repeatable levels by time:
     D:8: 1993 daAuts
     D:1: 1845 daAuts
     D:7: 1791 daAuts
     D:5: 1543 daAuts
     D:6: 1464 daAuts
     D:4: 1338 daAuts
     D:3: 1057 daAuts
     D:2: 745 daAuts
     D:9: 522 daAuts
  Temple: 323 daAuts
